 Dungeon Crawl Stone Soup version 0.19-a0-1899-g2d93087 (webtiles) character file.

89 dobroeutro the Shooter (level 4, 0/38 HPs)
             Began as a Centaur Hunter on Oct 20, 2016.
             Succumbed to an adder's poison
             ... on level 2 of the Dungeon.
             The game lasted 00:03:12 (2833 turns).

dobroeutro the Shooter (Centaur Hunter)             Turns: 2833, Time: 00:03:13

Health: 0/38       AC:  4    Str: 14    XL:     4   Next: 31%
Magic:  4/4        EV:  9    Int: 10    God:
Gold:   77         SH:  0    Dex: 11    Spells: 0 memorised, 3 levels left

rFire  . . .     SeeInvis .     b - +0 short sword
rCold  . . .     Gourm    .     c - +0 leather armour
rNeg   . . .     Faith    .     (no shield)
rPois  .         Spirit   .     (no helmet)
rElec  .         Reflect  .     (no cloak)
rCorr  .         Harm     .     (no gloves)
MR     .....                    (no barding)
Stlth  +.........               (no amulet)
                                (no ring)
                                (no ring)

@: lethally poisoned (0 -> -9), exhausted, slowed
A: hooves 3, deformed body, speed 2, tough skin 3
a: no special abilities


You were on level 2 of the Dungeon.
You were not hungry.

You visited 1 branch of the dungeon, and saw 3 of its levels.

You collected 77 gold pieces.

Inventory:

Hand Weapons
 a - a +1 shortbow
 b - a +0 short sword (weapon)
Missiles
 d - 20 arrows
Armour
 c - a +0 leather armour (worn)
Scrolls
 e - a scroll of remove curse
 h - a scroll of magic mapping {unknown}
 j - a scroll of enchant armour {unknown}
 k - 2 scrolls of fear {unknown}
 m - a scroll of noise {unknown}
 n - 2 scrolls of identify {unknown}
Potions
 o - a potion of curing {unknown}
Comestibles
 f - a bread ration
 g - 2 meat rations
 l - a royal jelly


   Skills:
 + Level 3.5 Fighting
 + Level 6.6 Bows
 - Level 1.3 Dodging
 - Level 0.4 Stealth


You had 3 spell levels left.
You didn't know any spells.

Dungeon Overview and Level Annotations

Branches:
Dungeon (3/15)

Altars:


Innate Abilities, Weirdness & Mutations

You have hooves in place of feet.
Armour fits poorly on your strangely shaped body.
You cover ground very quickly.
You have extremely tough skin. (AC +3)


Message History

You feel sick.
There is a stone staircase leading down here.
Okay, then.
It was a potion of berserk rage.
A red film seems to cover your vision as you go berserk!
You feel yourself moving faster!
You feel mighty!
* * * LOW HITPOINT WARNING * * *
You feel sick.
You feel a strong urge to attack something.
* * * LOW HITPOINT WARNING * * *
You feel sick.
You feel your anger subside.
You are no longer berserk.
You are exhausted.
You feel yourself slow down.
* * * LOW HITPOINT WARNING * * *
You feel sick.
* * * LOW HITPOINT WARNING * * *
You feel sick.
You die...

####.# #.# #.#.# ####.#### #.#
#.#.# #.......# #.# #.#.#
#.##....# #.# #.#.# #.##....# #.#
#.#.# #.####### #.# #.#.# #.#...#
#.# #.#.#
#.#.#.###################.# #.#.#
#.#)#...........@.....>...# #.#.#
#.#.#########################.#.#
#.#...........................#.#
#.#############################.#
#...............................#
#################################
#.......#<# #... #.#####.#.# #.##
#####.# #.#.# #.#.


There were no monsters in sight!

Vanquished Creatures
  3 adders
  2 oozes
  2 dart slugs (D:2)
  5 goblins
  9 hobgoblins
  2 jackals (D:2)
  7 kobolds
  10 bats
  5 frilled lizards
  6 rats
  A toadstool (D:1)
52 creatures vanquished.

Vanquished Creatures (others)
  3 toadstools (D:1)
3 creatures vanquished.

Grand Total: 55 creatures vanquished

Notes
Turn   | Place    | Note
-------+----------+-------------------------------------------
     0 | D:1      | dobroeutro the Centaur Hunter began the quest for the Orb.
     0 | D:1      | Reached XP level 1. HP: 17/17 MP: 1/1
   168 | D:1      | Reached XP level 2. HP: 2/25 MP: 2/2
  1062 | D:1      | Reached XP level 3. HP: 25/31 MP: 3/3
  1558 | D:2      | Reached skill level 6 in Bows
  2101 | D:2      | Reached XP level 4. HP: 31/38 MP: 4/4
  2832 | D:2      | HP: 1/38 [poisoned by an adder]
  2833 | D:2      | Succumbed to an adder's poison

Vault maps used:
D:1:      ldierk_water_garden, minmay_surrounded
D:3:      kb_forest_paths, portal_sewer_entry_a

Skill      XL: |  1  2  3 |
---------------+----------+-----
Fighting       | 3 |  3.5
Bows           | 6 |  6.6
Dodging        | |  1.3
Stealth        | |  0.4

Action                   |  1- 3 |  4- 6 || total
-------------------------+-------+-------++-------
Melee: Short sword       |   136 |    41 ||   177
       Kick              |    30 |     7 ||    37
 Fire: Shortbow          |     3 |       ||     3
  Use: Scroll            |     1 |       ||     1
       Potion            |       |     1 ||     1
  Eat: Chunk             |     2 |     2 ||     4
Armor: Leather armour    |    49 |    14 ||    63
Dodge: Dodged            |    56 |    26 ||    82
